 Dungeon Crawl Stone Soup version 0.30-a0-377-g5cb311bc9f (webtiles) character file.

Game seed: 16516817705062799486

336 lunkers the Cutter (level 7, 0/61 HPs)
             Began as a Meteoran Fighter on Nov 30, 2022.
             Was a Follower of the Shining One.
             Slain by an ogre
             ... wielding a +0 giant spiked club
              (26 damage)
             ... on level 4 of the Dungeon.
             The game lasted 00:03:30 (1242 turns).

lunkers the Cutter (Meteoran Fighter)               Turns: 1242, Time: 00:03:31

Health: 0/61       AC:  6    Str: 17    XL:     7   Next: 10%
Magic:  8/8        EV:  9    Int: 10    God:    the Shining One [*.....]
Gold:   99         SH:  5    Dex: 16    Spells: 6/6 levels left

rFire   . . .      SeeInvis .    a - +0 rapier
rCold   . . .      Faith    .    c - +0 buckler
rNeg    . . .      Spirit   .    b - +0 scale mail
rPois   +          Reflect  .    (no helmet)
rElec   .          Harm     .    (no cloak)
rCorr   .          Rampage  .    (no gloves)
Will    .....                    (no boots)
Stlth   ..........               (no amulet)
HPRegen 0.30/turn                h - ring of poison resistance
MPRegen 0.11/turn                (no ring)

@: glowing
A: sense surroundings 1, otherworldly, glowing, explore regen
a: Renounce Religion, Divine Shield


You were on level 4 of the Dungeon.
You worshipped the Shining One.
The Shining One was aware of your devotion.
You visited 1 branch of the dungeon, and saw 4 of its levels.

You collected 99 gold pieces.

Inventory:

Hand Weapons
 a - a +0 rapier (weapon)
Armour
 b - a +0 scale mail (worn)
 c - a +0 buckler (worn)
Jewellery
 h - a ring of poison resistance (left hand)
Scrolls
 g - a scroll of vulnerability {unknown}
 i - a scroll of enchant weapon {unknown}
 k - a scroll of enchant armour {unknown}
 l - a scroll of poison {unknown}
 m - a scroll of amnesia {unknown}
Potions
 e - a potion of lignification
 f - 3 potions of mutation {unknown}
 j - 2 potions of attraction
 n - a potion of cancellation {unknown}


   Skills:
 + Level 5.4 Fighting
 - Level 6.0 Short Blades
 - Level 3.6 Armour
 - Level 3.6 Shields


You had 6 spell levels left.
You didn't know any spells.
Your spell library contained the following spells:

 Spells                   Type           Power      Damage    Failure   Level
 Blink                    Tloc           0%         N/A       94%         2
 Manifold Assault         Tloc           0%         N/A       100%        4
 Storm Form               Tmut/Air       0%         N/A       100%        7


Dungeon Overview and Level Annotations

Branches:
Dungeon (4/15) Zot: 1131
 Temple: D:4-7

Altars:
The Shining One

Shops:
D:3 !


Innate Abilities, Weirdness & Mutations

You passively map a small area around you.
You are easily found by Zot.
You glow in the dark.
You regain HP and MP as you explore.


Message History

You puncture Grinder!
You kill Grinder!
The Shining One accepts your kill.
Training target 6.0 for Short Blades reached!
Your Short Blades skill increases to level 6!
You need to enable at least one skill for training.
Your Fighting skill gained 2 levels and is now at level 5!
You have reached level 6!
You feel clever.
You have reached level 7!
You now have 89 gold pieces (gained 4).
Search for what [? for help]? long Can't find anything matching that.
Unknown command.
(D) Dungeon
Where to? (Enter - D:3, ? - help)
What level of the Dungeon? (default 1, ? - help)
There is a stone staircase leading down here.
You climb downwards.
HP restored.
Found 10 gold pieces.
There is a stone staircase leading up here.
You now have 99 gold pieces (gained 10).
You feel a little less mighty now.
An ogre comes into view. It is wielding a +0 giant spiked club.
The ogre shouts!
An ogre is nearby!
You see here 15 gold pieces.
The ogre hits you with a +0 giant spiked club!!
You hit the ogre.
The ogre is lightly wounded.
You hit the ogre.
The ogre is moderately wounded.
The ogre hits you with a +0 giant spiked club!
* * * LOW HITPOINT WARNING * * *
You hit the ogre but do no damage.
The ogre is moderately wounded.
You hit the ogre but do no damage.
The ogre is moderately wounded.
The ogre hits you with a +0 giant spiked club!!
You die...

#### , ..#
, ... , ,
,*#.# * #O#
,, , #@#
*#$#, , ,
#.# , , #.#
, #.# , #
#.# # ,
#.#.#.# ...
..###.#.#.#
..
..........#


You could see an ogre.

Vanquished Creatures
  Grinder (D:3)
  A hound (D:3)
  Natasha (D:1)
  2 adders (D:3)
  4 worms
  A dart slug (D:2)
  4 endoplasms
  2 giant cockroaches
  5 goblins
  4 hobgoblins (D:1)
  4 jackals (D:1)
  7 kobolds
  4 quokkas
  4 ball pythons (D:2)
  4 bats
  7 frilled lizards
  3 rats (D:1)
58 creatures vanquished.

Vanquished Creatures (others)
  A fungus (D:2)
1 creature vanquished.

Grand Total: 59 creatures vanquished

Notes
Turn   | Place    | Note
-------+----------+-------------------------------------------
     0 | D:1      | lunkers the Meteoran Fighter began the quest for the Orb.
     0 | D:1      | Reached XP level 1. HP: 19/19 MP: 2/2
    75 | D:1      | Reached XP level 2. HP: 23/26 MP: 3/3
    82 | D:1      | Reached skill level 3 in Short Blades
   190 | D:1      | Reached XP level 3. HP: 15/31 MP: 4/4
   467 | D:2      | Noticed Natasha
   486 | D:1      | Killed Natasha
   487 | D:1      | Reached skill level 4 in Short Blades
   487 | D:1      | Reached XP level 4. HP: 12/38 MP: 5/5
   647 | D:2      | Found a faded altar of an unknown god.
   651 | D:2      | Prayed at the altar of an unknown god.
   651 | D:2      | Became a worshipper of the Shining One
   651 | D:2      | Reached * piety under the Shining One
  1005 | D:3      | Reached skill level 5 in Short Blades
  1005 | D:3      | Reached XP level 5. HP: 35/45 MP: 6/6
  1165 | D:3      | Found Norho's Distillery.
  1174 | D:3      | Noticed Grinder
  1183 | D:3      | Killed Grinder
  1184 | D:3      | Reached skill level 6 in Short Blades
  1184 | D:3      | Reached skill level 5 in Fighting
  1184 | D:3      | Reached XP level 6. HP: 37/56 MP: 7/7
  1184 | D:3      | Reached XP level 7. HP: 40/61 MP: 8/8
  1242 | D:4      | Slain by an ogre

Illustrated notes

Levels and vault maps discovered:
D:1:      eino_arrival_druids_welcome, layout_rooms
D:2:      layout_rooms, dreamdust_ecumenical_altar_grove, uniq_terence,
          uniq_jessica, uniq_natasha
D:3:      layout_loops_ring, serial_shops, shop, minmay_quantized, uniq_ijyb,
          uniq_grinder
D:4:      layout_loops_ring, bloody_trog, mainiacjoe_overflow_paths

Skill      XL: |  1  2  3  4  5 |
---------------+----------------+-----
Short Blades   | 3 4 5 6 |  6.0
Fighting       | 5 |  5.4
Armour         | |  3.6
Shields        | |  3.6

Action                   |  1- 3 |  4- 6 |  7- 9 || total
-------------------------+-------+-------+-------++-------
Melee: Rapier            |   129 |   107 |     4 ||   240
  Use: Scroll            |       |     2 |       ||     2
       Potion            |       |     1 |       ||     1
Armor: Scale mail        |    86 |    35 |       ||   121
Dodge: Dodged            |    66 |    37 |       ||   103
Block: Buckler           |    39 |    24 |       ||    63

Table legend: (Time is in decaauts)
 A = Elapsed time spent in this place.
 B = Non-inter-level travel time spent in this place.
 C = Inter-level travel time spent in this place.
 D = Time resting spent in this place.
 E = Time spent auto-exploring this place.
 F = Levels seen in this place.
 G = Mean time per level.
                   A        B        C        D        E       F      G
               +--------+--------+--------+--------+--------+-----+--------+
         Total |   1267 |   1197 |     70 |     34 |    706 |   4 |  316.8 |
       Dungeon |   1267 |   1197 |     70 |     34 |    706 |   4 |  316.8 |
               +--------+--------+--------+--------+--------+-----+--------+

Top non-repeatable levels by time:
     D:1: 532 daAuts
     D:2: 399 daAuts
     D:3: 296 daAuts
     D:4: 39 daAuts
